 Dungeon Crawl Stone Soup version 0.29-a0-845-g6161e89988 (webtiles) character file.

Game seed: 1596837071092053012

1278 hquester1 the Shield-Bearer (level 8, -2/71 HPs)
             Began as a Minotaur Fighter on July 15, 2022.
             Was a Believer of Okawaru.
             Engulfed by a steam dragon's steam (15 damage)
             ... on level 6 of the Dungeon.
             The game lasted 00:13:30 (3655 turns).

hquester1 the Shield-Bearer (Minotaur Fighter)      Turns: 3655, Time: 00:13:30

Health: -2/71      AC: 10    Str: 22    XL:     8   Next: 29%
Magic:  8/8        EV:  9    Int:  5    God:    Okawaru [**....]
Gold:   368        SH:  9    Dex:  9    Spells: 7/7 levels left

rFire   . . .      SeeInvis .   a - +0 war axe
rCold   . . .      Faith    .   u - +0 kite shield
rNeg    . . .      Spirit   .   b - +0 scale mail
rPois   .          Reflect  .   (helmet restricted)
rElec   .          Harm     .   s - +0 cloak
rCorr   +          Rampage  .   x - +0 pair of gloves
Will    .....                   (no boots)
Stlth   ..........              k - amulet of regeneration
HPRegen 1.01/turn               y - ring of resist corrosion
MPRegen 0.11/turn               (no ring)

@: no status effects
A: horns 2, retaliatory headbutt, weak 1
a: Renounce Religion, Heroism


You were on level 6 of the Dungeon.
You worshipped Okawaru.
Okawaru was pleased with you.
You visited 2 branches of the dungeon, and saw 7 of its levels.

You collected 368 gold pieces.

Inventory:

Hand Weapons
 a - a +0 war axe (weapon)
 v - a +2 whip of venom
 C - a +0 morningstar
Missiles
 c - 3 throwing nets (quivered)
Armour
 b - a +0 scale mail (worn)
 s - a +0 cloak (worn)
 u - a +0 kite shield (worn)
 x - a +0 pair of gloves (worn)
Jewellery
 k - an amulet of regeneration (around neck)
 y - a ring of resist corrosion (left hand)
Scrolls
 h - 3 scrolls of immolation
 l - a scroll of noise {unknown}
 m - a scroll of teleportation
Potions
 d - 3 potions of might
 e - a potion of attraction
 f - 2 potions of mutation
 g - a potion of magic
 i - a potion of resistance
 j - a potion of curing
 o - a potion of flight
 r - a potion of heal wounds {unknown}
 w - a potion of ambrosia {unknown}
 z - a potion of lignification {unknown}


   Skills:
 + Level 6.4 Fighting
 + Level 5.6 Axes
 + Level 6.3 Armour
 + Level 4.4 Dodging
 + Level 6.4 Shields
 + Level 2.0 Invocations


You had 7 spell levels left.
You didn't know any spells.
Your spell library contained the following spells:

 Spells                   Type           Power      Damage    Failure   Level
 Slow                     Hex            0%         N/A       98%         1
 Scorch                   Fire           0%         2d5       99%         2
 Static Discharge         Conj/Air       0%         3-3/arc   99%         2
 Confusing Touch          Hex            0%         N/A       100%        3
 Dazzling Flash           Conj/Hex       0%         N/A       100%        3
 Portal Projectile        Hex/Tloc       0%         N/A       100%        3
 Vampiric Draining        Necr           0%         2d6       100%        3
 Flame Wave               Conj/Fire      0%         2d4       100%        4
 Iskenderun's Mystic Bla  Conj/Tloc      0%         2d3       100%        4
 Blade Hands              Tmut           0%         N/A       100%        5
 Lightning Bolt           Conj/Air       0%         1d11      100%        5
 Starburst                Conj/Fire      0%         6d3       100%        6
 Maxwell's Capacitive Co  Air            0%         ∞         100%        8
 Tukima's Dance           Hex            Unusable   N/A       N/A         3
 Summon Cactus Giant      Summ           Unusable   N/A       N/A         6

Dungeon Overview and Level Annotations

Branches:
Dungeon (6/15)             Temple (1/1) D:6

Altars:
Ashenzari
Cheibriados
Dithmenos
Elyvilon
Gozag
Makhleb
Okawaru
Trog
Uskayaw
Vehumet
Wu Jian
Xom
Zin
The Shining One

Shops:
D:2 *


Innate Abilities, Weirdness & Mutations

You have a pair of horns on your head.
You reflexively headbutt those who attack you in melee.
You are weak. (Str -2)


Message History

The steam dragon hisses angrily.
The steam dragon breathes steam at you. The ball of steam hits you!
You see here a potion of might.
You barely miss the steam dragon. You block the steam dragon's attack.
The steam dragon claws you but does no damage.
You hit the steam dragon. Your headbutt misses the steam dragon.
The steam dragon is lightly wounded.
The steam dragon barely misses you. You furiously retaliate!
You headbutt the steam dragon. You block the steam dragon's attack.
You slash the steam dragon!
The steam dragon is moderately wounded.
The steam dragon breathes steam at you. The ball of steam hits you!!
The steam dragon barely misses you. You furiously retaliate!
You headbutt the steam dragon, but do no damage.
The steam dragon closely misses you. The steam dragon bites you!
You block the steam dragon's attack.
You closely miss the steam dragon. You headbutt the steam dragon!
The steam dragon is severely wounded.
You are engulfed in a cloud of scalding steam.
The steam dragon closely misses you. You furiously retaliate!
You headbutt the steam dragon.
The steam dragon claws you but does no damage.
You closely miss the steam dragon. Your headbutt misses the steam dragon.
The steam dragon is severely wounded.
The steam dragon bites you! You block the steam dragon's attack.
The steam dragon closely misses you. You block the steam dragon's attack.
You hit the steam dragon.
The steam dragon is almost dead.
You block the steam dragon's attack. The steam dragon barely misses you.
You completely miss the steam dragon.
The steam dragon is almost dead.
The steam dragon breathes steam at you. The ball of steam hits you!
* * * LOW HITPOINT WARNING * * *
You closely miss the steam dragon. Your headbutt misses the steam dragon.
The steam dragon is almost dead.
You are engulfed in a cloud of scalding steam.
You die...

#####.# <.....#
#########
#######**###.......#
,,,,,,,,,,.........#
*********###.......#
,,,,,,,,,..........#
##*########..#.....#
..,.............D$.##
.#*#......#.#.#.@...#
.###.####.......§...#
.....#<....#.#.#§!..#*
.....#...#.......#...#
.....#.#...#.>.#...#.#
.###.#...#.......#...#
...#.......#.#.#...###
...####).).......###
...# #.[[..#.#.##


You could see a steam dragon (catching breath).

Vanquished Creatures
  A water moccasin (D:5)
  2 black bears
  An ogre (D:3)
  A phantom (D:5)
  A kobold brigand (D:5)
  A bullfrog (D:4)
  3 scorpions
  2 jellies
  2 hounds
  4 orc priests
  Crazy Yiuf (D:2)
  An iguana (D:4)
  2 orc wizards (D:6)
  A mummy (D:5)
  3 adders
  5 gnolls
  2 white imps (D:5)
  A worm (D:4)
  A dart slug (D:3)
  11 orcs
  5 ball pythons
  7 endoplasms
  4 giant cockroaches
  5 goblins
  11 hobgoblins
  4 jackals (D:5)
  10 kobolds
  A quokka (D:5)
  5 bats
  4 frilled lizards
  3 rats
105 creatures vanquished.

Notes
Turn   | Place    | Note
-------+----------+-------------------------------------------
     0 | D:1      | hquester1 the Minotaur Fighter began the quest for the Orb.
     0 | D:1      | Reached XP level 1. HP: 19/19 MP: 0/0
   220 | D:1      | Reached XP level 2. HP: 27/27 MP: 1/1
   536 | D:1      | You fall into a shaft and drop 1 floor!
   564 | D:2      | Found an ornate altar of the Wu Jian Council.
   696 | D:2      | Found Poetump's General Store.
   719 | D:2      | Reached skill level 1 in Dodging
   725 | D:2      | Reached XP level 3. HP: 32/33 MP: 2/2
   897 | D:2      | Found a runed translucent door.
   898 | D:2      | Noticed Crazy Yiuf
   980 | D:2      | Found a faded altar of an unknown god.
  1105 | D:2      | Killed Crazy Yiuf
  1106 | D:2      | Reached XP level 4. HP: 26/40 MP: 3/3
  1468 | D:3      | Found an iron altar of Okawaru.
  1491 | D:3      | Became a worshipper of Warmaster Okawaru
  1555 | D:3      | Noticed an ogre
  1558 | D:3      | Killed an ogre
  1559 | D:3      | Reached XP level 5. HP: 29/47 MP: 4/4
  1731 | D:4      | Found a burning altar of Makhleb.
  1747 | D:4      | Reached * piety under Okawaru
  1748 | D:4      | Reached XP level 6. HP: 55/55 MP: 5/5
  1803 | D:4      | Reached skill level 5 in Fighting
  1803 | D:4      | Reached skill level 5 in Armour
  1803 | D:4      | Reached skill level 5 in Shields
  1927 | D:4      | Found an opulent altar of Gozag.
  2151 | D:4      | Reached ** piety under Okawaru
  2152 | D:4      | Reached XP level 7. HP: 61/61 MP: 6/6
  2257 | D:4      | Found a hide-covered altar of Uskayaw.
  2259 | D:4      | Found a white marble altar of Elyvilon.
  2483 | D:5      | Entered Level 5 of the Dungeon
  2576 | D:5      | Reached skill level 5 in Axes
  2840 | D:5      | Reached skill level 1 in Invocations
  2880 | D:5      | Reached XP level 8. HP: 49/70 MP: 7/7
  2992 | D:5      | Found a snail-covered altar of Cheibriados.
  3114 | D:5      | Gained mutation: You are weak. (Str -2) [potion of
                  | mutation]
  3356 | D:6      | Found a bloodstained altar of Trog.
  3414 | D:6      | Found a staircase to the Ecumenical Temple.
  3450 | Temple   | Entered the Ecumenical Temple
  3655 | D:6      | Engulfed by a steam dragon's steam

Illustrated notes

Levels and vault maps discovered:
D:1:      evilmike_arrival_plus, layout_rooms, minmay_indecisive_spiral
D:2:      layout_rooms, shapermc_ecumenical_altar_mp_vishouse, serial_shops,
          shop_fountains, basic_altar, uniq_crazy_yiuf_cottage
D:3:      layout_basic, kennysheep_okawaru_gauntlet, minmay_crystal_room
D:4:      layout_loops_cross, bloody_makhleb, nicolae_overflow_hidden_temple,
          mainiacjoe_overflow_24_doors, kennysheep_doodads,
          minmay_misc_feat_diagonals, minmay_pentomino_pile
D:5:      layout_loops_cross, chei_slow_surprise
D:6:      layout_basic, trog_hazing_becter, led_sif_pool,
          worldfamousw_hep_ancestral_shrine, minmay_temple_entry_sparse_star
Temple:   nicolae_temple_bog_church

Skill      XL: |  1  2  3  4  5  6  7  8 |
---------------+-------------------------+-----
Dodging        | 1 2 3 4 |  4.4
Armour         | 4 5 6 |  6.3
Fighting       | 4 5 6 |  6.4
Shields        | 4 5 6 |  6.4
Axes           | 3 4 5 |  5.6
Invocations    | 1 2 |  2.0

Action                   |  1- 3 |  4- 6 |  7- 9 || total
-------------------------+-------+-------+-------++-------
Melee: War axe           |    46 |    82 |   145 ||   273
       Headbutt          |     7 |    13 |    19 ||    39
  Use: Scroll            |       |       |    12 ||    12
       Potion            |       |       |     2 ||     2
Armor: Scale mail        |    14 |    47 |    76 ||   137
Dodge: Dodged            |    16 |    36 |    53 ||   105
Block: Buckler           |    12 |     6 |       ||    18
       Kite shield       |       |    31 |    93 ||   124

Table legend: (Time is in decaauts)
 A = Elapsed time spent in this place.
 B = Non-inter-level travel time spent in this place.
 C = Inter-level travel time spent in this place.
 D = Time resting spent in this place.
 E = Time spent auto-exploring this place.
 F = Levels seen in this place.
 G = Mean time per level.
                   A        B        C        D        E       F      G
               +--------+--------+--------+--------+--------+-----+--------+
         Total |   3774 |   3618 |    156 |     11 |   2531 |   7 |  539.1 |
       Dungeon |   3583 |   3447 |    136 |     11 |   2363 |   6 |  597.2 |
        Temple |    191 |    171 |     20 |      0 |    168 |   1 |  191.0 |
               +--------+--------+--------+--------+--------+-----+--------+

Top non-repeatable levels by time:
     D:4: 847 daAuts
     D:5: 783 daAuts
     D:1: 675 daAuts
     D:3: 524 daAuts
     D:2: 499 daAuts
     D:6: 252 daAuts
  Temple: 191 daAuts
